 Dungeon Crawl Stone Soup version 0.29-a0-23-ga79f92ac9c (webtiles) character file.

Game seed: 6652019616072901020

5274 HallandMoats the Fighter (level 10, -2/73 HPs)
             Began as an Octopode Fighter on Jan 31, 2022.
             Was a Believer of the Shining One.
             Slain by Sonja (4 damage)
             ... on level 10 of the Dungeon.
             The game lasted 00:12:46 (10235 turns).

HallandMoats the Fighter (Octopode Fighter)        Turns: 10235, Time: 00:12:46

Health: -2/73      AC:  5    Str: 18    XL:     10   Next: 63%
Magic:  14/14      EV: 15    Int: 11    God:    the Shining One [**....]
Gold:   462        SH:  5    Dex: 13    Spells: 9/9 levels left

rFire   . . .      SeeInvis .   a - +2 trident (freeze)
rCold   . . .      Faith    .   r - +0 buckler
rNeg    + . .      Spirit   .   (helmet restricted)
rPois   .          Reflect  .   (no amulet)
rElec   .          Harm     .   j - +4 ring of protection
rCorr   .          Rampage  .   (no ring)
Will    .....                   (no ring)
Stlth   +.........              (no ring)
HPRegen 0.22/turn               (no ring)
MPRegen 0.14/turn               (no ring)
                                (no ring)
                                (no ring)

@: lethally poisoned (-2 -> -9), slowed, glowing, very slow
A: almost no armour, amphibious, 8 rings, camouflage 1, gelatinous body 1,
(nimble swimmer 1), tentacles
a: Renounce Religion, Divine Shield


You were on level 10 of the Dungeon.
You worshipped the Shining One.
The Shining One was pleased with you.
You visited 2 branches of the dungeon, and saw 11 of its levels.

You collected 484 gold pieces.
You donated 22 gold pieces to Zin.

Inventory:

Hand Weapons
 a - a +2 trident of freezing (weapon)
 b - the +8 great sword of Goidaym {protect, rElec Will- Int+4}
   (You found it on level 7 of the Dungeon)

   It grants its wielder temporary protection when it strikes (+7 to AC).
   Int:       It affects your intelligence (+4).
   rElec:     It insulates you from electricity.
   Will:      It decreases your willpower.
Armour
 r - a +0 buckler (worn)
Jewellery
 j - a +4 ring of protection (left tentacle)
Wands
 s - a wand of flame (56)
 t - a wand of paralysis (5)
 y - a wand of iceblast (1)
Scrolls
 d - a scroll of brand weapon
 i - a scroll of enchant armour
 l - a scroll of enchant weapon
 m - 2 scrolls of amnesia
 n - a scroll of immolation
 q - 3 scrolls of teleportation
 v - a scroll of fear
Potions
 c - 2 potions of might
 e - 4 potions of curing
 f - 4 potions of haste
 g - a potion of magic {unknown}
 h - 4 potions of heal wounds
 p - a potion of berserk rage {unknown}
 u - a potion of attraction {unknown}
 w - a potion of brilliance {unknown}
 x - a potion of invisibility {unknown}


   Skills:
 * Level 8.9 Fighting
 * Level 8.5 Polearms
 + Level 6.5 Dodging
 + Level 6.6 Shields
 * Level 6.2 Invocations


You had 9 spell levels left.
You didn't know any spells.
Your spell library contained the following spells:

 Spells                   Type           Power      Damage    Failure   Level
 Ensorcelled Hibernation  Hex/Ice        0%         N/A       56%         2
 Spider Form              Tmut/Pois      0%         N/A       80%         3
 Anguish                  Hex/Necr       0%         N/A       99%         4


Dungeon Overview and Level Annotations

Branches:
Dungeon (10/15)            Temple (1/1) D:6
   Lair: D:8-11         Orc: D:9-12

Altars:
Ashenzari
Cheibriados
Dithmenos
Elyvilon
Fedhas
Gozag
Hepliaklqana
Kikubaaqudgha
Makhleb
Nemelex Xobeh
Okawaru
Qazlal
Ru
Sif Muna
Trog
Uskayaw
Vehumet
Wu Jian
Xom
Yredelemnul
Zin
The Shining One

Annotations:
D:10 Sonja


Innate Abilities, Weirdness & Mutations

You cannot wear most types of armour.
You are amphibious.
You can wear up to eight rings at the same time.
Your skin changes colour to match your surroundings (Stealth+).
Your rubbery body absorbs attacks. (AC +1, EV +1)
((You are camouflaged when in or above water. (Stealth+)))
You have tentacles for arms and can constrict up to eight enemies at once.


Message History

You feel very sick.
You climb upwards.
You feel very sick.
There is a stone staircase leading down here.
You see here a +0 vorpal trident.
You start resting.
You feel sick. x2
You are no longer poisoned.
You start resting.
You feel yourself speed up.
You start resting.
HP restored.
You climb downwards.
Level annotation: Sonja Sonja throws a curare-tipped dart.
The curare-tipped dart hits you.
You are poisoned.
You have difficulty breathing.
You feel yourself slow down.
There is a stone staircase leading up here.
Aiming: Paralyse
Press: ? - help, Shift-Dir - straight line, f - Sonja
Aim: Sonja, wielding a +1 dagger of distortion and quivering curare-tipped darts (chance to affect: 57%) Sonja resists with significant effort.
You feel very sick.
You hit Sonja but do no damage. Your grab misses Sonja.
Your squeeze misses Sonja.
You feel very sick. Sonja barely misses you. Sonja misses you.
Sonja hits you with a +1 dagger of distortion.
Space warps horribly around you!!
You puncture Sonja! You freeze Sonja. Your grab misses Sonja.
Sonja is heavily wounded.
You feel very sick. You block Sonja's attack.
Sonja hits you but does no damage. Space warps around you.
Sonja closely misses you.
Sonja hits you with a +1 dagger of distortion.
Space warps horribly around you!!
* * * LOW HITPOINT WARNING * * *
Sonja hits you with a +1 dagger of distortion.
The Shining One protects you from harm! Space warps around you.
You die...

#..# ##..# #...# #..##
##..# #...# ##...#
######....###
###........@..####
#....#######K....#####
###### #.........####
#.............
##..(.........
#..)[[.......
#............
#............
##...........


You could see Sonja.

Vanquished Creatures
  A manticore (D:9)
  Grinder (D:3)
  A shadow (D:9)
  A wyvern (D:8)
  9 yaks (D:8)
  2 steam dragons (D:8)
  A wraith (D:9)
  Edmund (D:5)
  A sky beast (D:7)
  3 ice beasts
  A necrophage (D:7)
  3 orc warriors
  A black bear (D:7)
  3 centaurs
  3 phantoms
  A kobold brigand (D:9)
  Blork the orc (D:5)
  A water moccasin zombie (D:5)
  A bullfrog (D:7)
  A wyvern zombie (D:6)
  4 scorpions
  2 howler monkeys (D:8)
  2 centaur zombies
  A jelly (D:4)
  A centaur skeleton (D:7)
  A hound (D:5)
  3 orc priests
  Jessica (D:3)
  Terence (D:3)
  2 iguanas
  7 orc wizards
  A scorpion zombie (D:5)
  A killer bee zombie (D:9)
  A howler monkey zombie (D:9)
  6 adders
  A white imp (D:8)
  An ufetubus (D:5)
  A worm (D:2)
  A dart slug (D:1)
  32 orcs
  4 bats (D:3)
  5 endoplasms
  A giant cockroach (D:3)
  5 goblins
  7 hobgoblins
  5 jackals
  5 quokkas
  9 ball pythons
  A frilled lizard (D:1)
  4 kobolds
  3 rats
156 creatures vanquished.

Notes
Turn   | Place    | Note
-------+----------+-------------------------------------------
     0 | D:1      | HallandMoats the Octopode Fighter began the quest for the
                  | Orb.
     0 | D:1      | Reached XP level 1. HP: 16/16 MP: 1/1
   115 | D:1      | Reached XP level 2. HP: 9/21 MP: 2/2
   703 | D:2      | Reached XP level 3. HP: 26/26 MP: 3/3
  1172 | D:3      | Found a faded altar of an unknown god.
  1185 | D:3      | Prayed at the altar of an unknown god.
  1185 | D:3      | Became a worshipper of Zin the Law-Giver
  1185 | D:3      | Reached * piety under Zin
  1185 | D:3      | Reached ** piety under Zin
  1197 | D:3      | Noticed Jessica
  1207 | D:3      | Killed Jessica
  1208 | D:3      | Reached XP level 4. HP: 26/33 MP: 4/4
  1419 | D:3      | Noticed Grinder
  1435 | D:3      | Killed Grinder
  1436 | D:3      | Reached XP level 5. HP: 14/38 MP: 5/5
  1436 | D:3      | Reached XP level 6. HP: 16/44 MP: 6/6
  1721 | D:3      | Noticed Terence
  1727 | D:3      | Noticed an ice beast
  1728 | D:3      | Killed Terence
  1739 | D:3      | Zin protects you from harm!
  1741 | D:3      | Killed an ice beast
  2482 | D:4      | Reached skill level 5 in Fighting
  2482 | D:4      | Reached XP level 7. HP: 43/50 MP: 7/7
  3250 | D:5      | Entered Level 5 of the Dungeon
  3507 | D:5      | Reached skill level 5 in Polearms
  3852 | D:5      | Noticed Blork the orc
  3863 | D:5      | Killed Blork the orc
  3864 | D:5      | Reached XP level 8. HP: 53/57 MP: 8/8
  3959 | D:5      | Noticed Edmund
  3969 | D:5      | Killed Edmund
  4114 | D:5      | Reached skill level 5 in Shields
  4529 | D:6      | Reached skill level 5 in Dodging
  4576 | D:6      | Found a white marble altar of Elyvilon.
  4647 | D:6      | Found a staircase to the Ecumenical Temple.
  4741 | D:6      | Reached *** piety under Zin
  4784 | Temple   | Entered the Ecumenical Temple
  4855 | Temple   | Fell from the grace of Zin
  4855 | Temple   | Became a worshipper of the Shining One
  4855 | Temple   | Reached * piety under the Shining One
  5038 | D:6      | Reached skill level 1 in Invocations
  5710 | D:7      | Identified the +8 great sword of Goidaym {protect, rElec
                  | Will- Int+4}
  5734 | D:7      | Reached XP level 9. HP: 46/64 MP: 10/10
  6330 | D:8      | Reached ** piety under the Shining One
  7450 | D:8      | Found a broken altar of Ashenzari.
  7454 | D:8      | Found a shimmering altar of Xom.
  7455 | D:8      | Found a hide-covered altar of Uskayaw.
  7456 | D:8      | Found a hazy altar of Hepliaklqana.
  7457 | D:8      | Found a burning altar of Makhleb.
  7458 | D:8      | Found a sparkling altar of Nemelex Xobeh.
  7459 | D:8      | Found a sacrificial altar of Ru.
  7941 | D:8      | Reached XP level 10. HP: 63/72 MP: 13/13
  7995 | D:8      | Reached skill level 5 in Invocations
  8993 | D:9      | Noticed a manticore
  8998 | D:9      | HP: 3/73 [manticore (3)]
  9000 | D:9      | Killed a manticore
  9714 | D:10     | Entered Level 10 of the Dungeon
  9714 | D:10     | Noticed Sonja
  9715 | D:10     | Noticed a two-headed ogre
 10235 | D:10     | HP: 2/73 [Sonja (23)]
 10235 | D:10     | The Shining One protects you from harm!
 10235 | D:10     | Slain by Sonja

Illustrated notes

Levels and vault maps discovered:
D:1:      lemuel_arrival_broad_hall, layout_rooms,
          nicolae_concentric_dashed_squares_mild
D:2:      layout_rooms
D:3:      layout_loops_ring, ebering_ecumenical_altar_petrified, uniq_terence,
          uniq_grinder, uniq_jessica
D:4:      layout_loops_ring
D:5:      layout_gridville, kennysheep_path_1, minmay_fountain_box, uniq_edmund,
          uniq_blork_the_orc
D:6:      layout_loops_ring, lemuel_tele_altar, minmay_temple_entry_overgrown
D:7:      layout_cave_pools, sigmund_army
D:8:      layout_rooms, minitemple, hangedman_abyss_or_decor_stagger
D:9:      layout_rooms, kennysheep_diamond
D:10:     layout_cave_pods, special_room [special_room_bee],
          minmay_fractal_squares_5, uniq_sonja
Temple:   eino_temple_lava

Skill      XL: |  1  2  3  4  5  6  7  8  9 10 |
---------------+-------------------------------+-----
Polearms       | 3 4 5 6 7 8 |  8.5
Fighting       | 4 5 7 8 |  8.9
Shields        | 4 5 6 |  6.6
Dodging        | 4 5 6 |  6.5
Invocations    | 2 4 6 |  6.2

Action                   |  1- 3 |  4- 6 |  7- 9 | 10-12 || total
-------------------------+-------+-------+-------+-------++-------
Melee: Trident           |    67 |    71 |   156 |     2 ||   296
       Constrict         |    18 |    10 |    33 |     8 ||    69
       Tentacles         |     6 |     8 |    50 |    17 ||    81
       Punch             |     2 |     1 |     4 |     2 ||     9
       Great sword       |       |       |    73 |    75 ||   148
Invok: Vitalisation      |       |     1 |       |       ||     1
Evoke: Wand              |       |       |       |     3 ||     3
  Use: Scroll            |       |       |    13 |     5 ||    18
       Potion            |       |       |     2 |     1 ||     3
 Stab: Sleeping          |     6 |     6 |     5 |       ||    17
Armor: Skin              |     7 |    10 |    60 |    42 ||   119
Dodge: Dodged            |    19 |    18 |   199 |    89 ||   325
Block: Buckler           |    13 |    10 |    25 |     1 ||    49

Table legend: (Time is in decaauts)
 A = Elapsed time spent in this place.
 B = Non-inter-level travel time spent in this place.
 C = Inter-level travel time spent in this place.
 D = Time resting spent in this place.
 E = Time spent auto-exploring this place.
 F = Levels seen in this place.
 G = Mean time per level.
                   A        B        C        D        E       F      G
               +--------+--------+--------+--------+--------+-----+--------+
         Total |  10408 |  10209 |    199 |   2604 |   6043 |  11 |  946.2 |
       Dungeon |  10328 |  10129 |    199 |   2604 |   5991 |  10 | 1032.8 |
        Temple |     79 |     79 |      0 |      0 |     52 |   1 |   79.0 |
               +--------+--------+--------+--------+--------+-----+--------+

Top non-repeatable levels by time:
     D:8: 1987 daAuts
     D:9: 1784 daAuts
     D:4: 1175 daAuts
     D:3: 1165 daAuts
     D:7: 1153 daAuts
     D:5: 950 daAuts
     D:6: 833 daAuts
     D:1: 665 daAuts
     D:2: 509 daAuts
    D:10: 102 daAuts
  Temple: 79 daAuts
